 Dungeon Crawl Stone Soup version 0.31-a0-692-gf03d1854d5 (webtiles) character file.

Game seed: 10600267746651780359

26 qw the Shooter (level 3, -6/21 HPs)
             Began as a Gargoyle Hunter on Sept 6, 2023.
             Mangled by a hobgoblin
             ... wielding the +10 dagger of the Onslaught {holy, rElec}
              (7 damage)
             ... on level 2 of the Dungeon.
             The game lasted 00:00:16 (1324 turns).

qw the Shooter (Gargoyle Hunter)                    Turns: 1324, Time: 00:00:17

Health: -6/21      AC:  6    Str: 14    XL:     3   Next: 8%
Magic:  3/3        EV: 11    Int:  9    God:
Gold:   67         SH:  0    Dex: 15    Spells: 2/2 levels left

rFire   . . .        Y - +3 longbow (flame)
rCold   . . .        (shield currently unavailable)
rNeg    + . .        c - +0 leather armour
rPois   inf          (no helmet)
rElec   +            (no cloak)
rCorr   .            (no gloves)
SInv    .            (no boots)
Will    .....        (no amulet)
Stlth   ++           (no ring)
HPRegen 0.23/turn    (no ring)
MPRegen 0.08/turn

%: no passive effects
@: no status effects
A: sickness immunity, AC +3, negative energy resistance 1, electricity
resistance, torment resistance 1, petrification resistance
a: no special abilities


You were on level 2 of the Dungeon.
You visited 1 branch of the dungeon, and saw 2 of its levels.

You collected 67 gold pieces.


Innate Abilities, Weirdness & Mutations

You are immune to sickness and miasma.
Your stone body is resilient. (AC +3)
You are immune to poison.
You resist negative energy. (rN+)
You are resistant to electric shocks. (rElec)
You are resistant to unholy torment.
You are immune to petrification.


   Skills:
 - Level 2.1 Fighting
 + Level 4.9 Ranged Weapons
 - Level 1.5 Dodging
 - Level 1.1 Stealth


You had 2 spell levels left.
You didn't know any spells.
Your spell library was empty.

Inventory:

Hand Weapons
 Y - a +3 longbow of flaming (weapon)
Armour
 c - a +0 leather armour (worn)
Scrolls
 a - a scroll of enchant armour {unknown}
 d - a scroll of identify
Potions
 b - a potion of mutation {unknown}
 e - a potion of magic {unknown}
 g - a potion of curing
 h - a potion of ambrosia {unknown}

Dungeon Overview and Level Annotations

Branches:
Dungeon (2/15)

Altars:
Dithmenos


Message History

Found a stone staircase leading down.
You now have 67 gold pieces (gained 12).
Found a stone staircase leading up.
Enter note: You open the door.
There is an open door here.
As you open the door, it creaks loudly!
There is an open door here.
Found a stone staircase leading down.
Enter note:
Enter note: An endoplasm comes into view.
You shoot an arrow. The arrow barely misses the endoplasm.
You shoot an arrow. The arrow barely misses the endoplasm.
You shoot an arrow. The arrow hits the endoplasm!
The arrow burns the endoplasm.
You kill the endoplasm!
There is a stone staircase leading down here.
As you open the door, it creaks loudly!
There is an open door here.
There is an open door here.
You open the door.
A rat comes into view.
Found a viscous coppery potion.
You shoot an arrow. The arrow hits the rat!
The arrow burns the rat.
You kill the rat!
There is an open door here.
e - a viscous coppery potion A hobgoblin opens the door.
It is wielding the +10 dagger of the Onslaught {holy, rElec}.
You shoot an arrow. The arrow barely misses the hobgoblin.
The hobgoblin shouts!
You shoot an arrow. The arrow closely misses the hobgoblin.
The hobgoblin hits you with the +10 dagger of the Onslaught {holy, rElec}!
Ouch! That really hurt!
The hobgoblin barely misses you.
You shoot an arrow. The arrow barely misses the hobgoblin.
The hobgoblin hits you with the +10 dagger of the Onslaught {holy, rElec}.
You shoot an arrow. The arrow closely misses the hobgoblin.
The hobgoblin closely misses you.
The hobgoblin hits you with the +10 dagger of the Onslaught {holy, rElec}!
You die...

#........#####..........##...
#.#####..##.........%...##...
#..##.###.........##...
##.##.##........####...
###....##.######........
..........###.# #.#######
..........###'### #.# ##
..........#.....# #.# ##.
..........g@....## #.# #..
..........#......# #.# #..
..........#......###.#####..
..........#.......##........
... #.....#.....#####. ..
#.....+.....'..... .
#.....#.....#.....
#######.....#.#...
#.....+.#.##


You could see a hobgoblin.

Vanquished Creatures
  A dart slug (D:1)
  4 ball pythons
  3 endoplasms
  A giant cockroach (D:1)
  3 goblins (D:1)
  3 hobgoblins (D:1)
  2 kobolds (D:1)
  2 frilled lizards (D:1)
  4 rats
23 creatures vanquished.

Notes
Turn   | Place    | Note
-------+----------+-------------------------------------------
     0 | D:1      | qw the Gargoyle Hunter began the quest for the Orb.
     0 | D:1      | Reached XP level 1. HP: 12/12 MP: 1/1
     0 | D:1      | 0 ||| qw: Version: 0.3-a-76-g4403597
     0 | D:1      | 0 ||| qw: Game counter: 79
     0 | D:1      | 0 ||| qw: Melee chars always use a shield: true
     0 | D:1      | 0 ||| qw: God list: Okawaru
     0 | D:1      | 0 ||| qw: Allow faded altars: false
     0 | D:1      | 0 ||| qw: Do Orc after clearing Dungeon:15 true
     0 | D:1      | 0 ||| qw: Do second Lair branch before Depths: true
     0 | D:1      | 0 ||| qw: Lair rune preference: random
     0 | D:1      | 0 ||| qw: Goals: Normal
     0 | D:1      | 0 ||| PLANNING D:1-11
   258 | D:1      | Reached XP level 2. HP: 17/17 MP: 2/2
   703 | D:1      | Reached XP level 3. HP: 21/21 MP: 3/3
   833 | D:1      | 833 ||| READING scroll labelled VAISEA GO KASCH.
   833 | D:1      | Identified a scroll of acquirement
   833 | D:1      | 833 ||| ACQUIRING +3 longbow of flaming
   833 | D:1      | Acquired a +3 longbow of flaming
   835 | D:1      | 835 ||| SWAPPING to +3 longbow of flaming.
   836 | D:1      | 836 ||| DROPPING +0 shortbow.
   837 | D:1      | 837 ||| READING scroll labelled FUHOSS SAUMEH.
   838 | D:1      | 838 ||| READING scroll labelled NUODOKLAECSUA.
   839 | D:1      | 839 ||| DRINKING 2 fizzy green potions.
   840 | D:1      | 840 ||| DROPPING scroll of butterflies.
   926 | D:2      | Found a shadowy altar of Dithmenos.
  1321 | D:2      | Identified the +10 dagger of the Onslaught {holy, rElec}
  1323 | D:2      | HP: 1/21 [hobgoblin/the +10 dagger of the Onslaught {holy,
                  | rElec} (5)]
  1324 | D:2      | Mangled by a hobgoblin

Levels and vault maps discovered:
D:1:      beargit_arrival_greenhouse, layout_basic, corexii_corridor_pit
D:2:      layout_basic, basic_altar

Action                     || total
---------------------------++-------
   Fire: Shortbow          ||    40
         Longbow           ||     9
    Use: Scroll            ||     3
         Potion            ||     1
 Armour: Leather armour    ||     9
  Dodge: Dodged            ||     7

Table legend:
 A = Non-vault XP
 B = Vault XP
 C = Vault XP percentage of total XP
 D = Non-vault monster count
 E = Vault monster count
 F = Vault count percentage of total count
                 A         B        C        D         E       F
            +---------+---------+-------+---------+---------+-------
      Total |      38 |       0 |   0.0 |      23 |       0 |   0.0
            +---------+---------+-------+---------+---------+-------
        D:1 |      34 |       0 |   0.0 |      20 |       0 |   0.0
        D:2 |       4 |       0 |   0.0 |       3 |       0 |   0.0
            +---------+---------+-------+---------+---------+-------
